Sabres vs Rangers

Created - November 5 2011 at 00:24

Goals
1 2 3 T
Sabres 1 2 0 3
Rangers 3 0 2 5
Shots
1 2 3 T
Sabres 12 11 9 32
Rangers 19 16 9 44

Period #1

1. Rangers , Francis Bouillon 1 (Lubomir Visnovsky, Mike Cammalleri) at 1:43 (PP)
2. Rangers , Henrik Sedin 4 (Guillaume Latendresse, Jay Bouwmeester) at 8:22 (PP)
3. Rangers , Mark Recchi 4 (Ben Lovejoy, Dan Cleary) at 15:09
4. Sabres , Tyler Myers 3 (Johan Franzen, Brad Stuart) at 15:47 (PP)

Penalties :
Tyler Myers (BUF) for Roughing (Minor) at 0:19, Ian White (NYR) for Roughing (Minor) at 2:38, Tom Pyatt (NYR) for Cross-checking (Minor) at 3:52, Troy Brouwer (BUF) for Hooking (Minor) at 6:35, Troy Brouwer (BUF) for Hooking (Minor) at 8:54, Cal Clutterbuck (NYR) for Hooking (Minor) at 15:18, Tyler Myers (BUF) for Hooking (Minor) at 17:09

Period #2

5. Sabres , David Legwand 5 (Steve Downie) at 1:54
6. Sabres , Mike Richards 3 (Tyler Myers, Chris Stewart) at 7:58 (PP)

Penalties :
Steve Downie (BUF) for Interference (Minor) at 3:02, Brad Stuart (BUF) for Tripping (Minor) at 4:08, Francis Bouillon (NYR) for Hooking (Minor) at 6:58, Jordan Staal (BUF) for Interference (Minor) at 9:15, Victor Hedman (BUF) for Roughing (Minor) at 16:54

Period #3

7. Rangers , Dan Cleary 10 (Mikko Koivu, Mark Recchi) at 0:50
8. Rangers , Dan Cleary 11 (Mikko Koivu, Mike Cammalleri) at 13:09 (PP)

Penalties :
Brad Stuart (BUF) for Hooking (Minor) at 3:38, Scott Gomez (NYR) for Fighting (Major) at 5:10, David Legwand (BUF) for Fighting (Major) at 5:10, Francis Bouillon (NYR) for Hooking (Minor) at 7:02, Francis Bouillon (NYR) for Tripping (Minor) at 9:21, Karl Alzner (BUF) for Tripping (Minor) at 12:33

Goalie Stats

Martin Biron (BUF), 14 saves from 17 shots - (0.824), 18:58 minutes
Devan Dubnyk (BUF), 25 saves from 27 shots - (0.926), L, 4-3-0, 41:02 minutes
Niklas Backstrom (NYR), 29 saves from 32 shots - (0.906), W, 10-5-0, 60:00 minutes

Players Stats

Sabres
Player Name              G  A  P  +/- PIM S  H  SB FO    MP 
------------------------------------------------------------
Brad Stuart              0  1  1   0  4   1  1  0  0/0   22 
Chris Stewart            0  1  1   0  0   4  0  0  0/1   15 
David Legwand            1  0  1   0  5   2  0  1  12/21 16 
James Neal               0  0  0   0  0   0  0  0  1/1   16 
Jeff Schultz             0  0  0   0  0   0  1  3  0/0   18 
Johan Franzen            0  1  1   0  0   7  2  0  1/2   15 
Jordan Staal             0  0  0   0  2   0  1  0  17/30 22 
Karl Alzner              0  0  0   0  2   0  2  3  0/0   13 
Luke Schenn              0  0  0  -1  0   0  1  1  0/0   10 
Marian Hossa             0  0  0  -1  0   5  0  3  3/9   20 
Mike Richards            1  0  1  -1  0   2  0  0  7/18  21 
Paul Byron               0  0  0   0  0   0  0  0  2/13  7  
Steve Downie             0  1  1   0  2   3  0  0  1/1   11 
Trevor Daley             0  0  0   0  0   1  0  1  0/0   22 
Troy Brouwer             0  0  0   0  4   3  2  0  1/1   7  
Tuomo Ruutu              0  0  0  -1  0   1  3  0  0/1   12 
Tyler Myers              1  1  2  -1  4   2  4  2  0/0   20 
Victor Hedman            0  0  0   0  2   1  3  0  0/0   13 
Rangers
Player Name              G  A  P  +/- PIM S  H  SB FO    MP 
------------------------------------------------------------
Andrei Kostitsyn         0  0  0   0  0   0  0  0  0/0   8  
Ben Lovejoy              0  1  1   2  0   1  2  1  0/0   16 
Cal Clutterbuck          0  0  0   0  2   2  0  0  0/0   8  
Dan Cleary               2  1  3   2  0   5  3  0  1/1   19 
Francis Bouillon         1  0  1  -1  6   2  4  0  0/0   19 
Guillaume Latendresse    0  1  1  -1  0   1  1  0  0/0   18 
Henrik Sedin             1  0  1   0  0   5  1  0  18/31 21 
Ian White                0  0  0   2  2   1  1  0  0/0   19 
Jay Bouwmeester          0  1  1   0  0   3  3  4  0/0   26 
Keith Ballard            0  0  0  -1  0   2  0  2  0/0   12 
Lubomir Visnovsky        0  1  1   0  0   8  1  3  0/0   26 
Mark Recchi              1  1  2   2  0   2  1  0  0/1   14 
Mike Cammalleri          0  2  2   0  0   3  1  0  0/2   17 
Mikko Koivu              0  2  2   2  0   1  2  0  17/31 20 
Nikolai Kulemin          0  0  0   0  0   6  5  0  0/0   16 
Nikolai Zherdev          0  0  0  -1  0   0  0  0  0/1   10 
Scott Gomez              0  0  0  -1  5   1  1  0  11/17 14 
Tom Pyatt                0  0  0   0  2   1  0  0  6/14  10 

3 Stars

1 - Dan Cleary (NYR)
2 - Mark Recchi (NYR)
3 - Mikko Koivu (NYR)

Power Play

Sabres - 2 on 6 Attempt(s) - 33.33%
Rangers - 3 on 10 Attempt(s) - 30.00%

Penalty Kill

Sabres - 7 on 10 Attempt(s) - 70.00% - Score 0 goal in Penalty Kill
Rangers - 4 on 6 Attempt(s) - 66.67% - Score 0 goal in Penalty Kill

Game Notes

Martin Biron is injured at 18:58 of 1st period (Bruised Right Leg)
Devan Dubnyk enters game at 18:58 of 1st period
Scott Gomez and David Legwand fight to a draw at 5:10 of 3rd period

Finance

Level 1 -- Attendance: 3723 (57.28%) -- Ticket Income $465,375.00
Level 2 -- Attendance: 2636 (52.72%) -- Ticket Income $197,700.00
Level 3 -- Attendance: 1805 (51.57%) -- Ticket Income $90,250.00
Level 4 -- Attendance: 1745 (79.32%) -- Ticket Income $43,625.00
Luxury Box -- Attendance: 624 (62.40%) -- Ticket Income $156,000.00
Game was played at the Madison Square Garden
Total Attendance: 10533 (57.87%)
Total Ticket Income: $998,442.90
Other Income: $218,780.40
Total Income: $1,217,223.00


Play by Play

Period #1

0:01 of 1st period - Jordan Staal wins face-off versus Henrik Sedin in neutral zone.
0:06 of 1st period - Shot by Johan Franzen.
0:06 of 1st period - Stopped by Niklas Backstrom without a rebound.
0:07 of 1st period - Mike Richards wins face-off versus Mikko Koivu in Rangers zone.
0:07 of 1st period - Mike Richards is hit by Ian White.
0:18 of 1st period - Ben Lovejoy is hit by Luke Schenn and loses puck.
0:19 of 1st period - Minor Penalty to Tyler Myers for Roughing.
0:20 of 1st period - Jordan Staal wins face-off versus Henrik Sedin in Sabres zone.
0:54 of 1st period - Nikolai Kulemin is hit by Brad Stuart and loses puck.
1:17 of 1st period - Shot by Lubomir Visnovsky.
1:17 of 1st period - Stopped by Martin Biron without a rebound.
1:18 of 1st period - Mikko Koivu wins face-off versus Jordan Staal in Sabres zone.
1:43 of 1st period - Shot by Francis Bouillon.
1:43 of 1st period - Goal by Francis Bouillon - Sabres : 0 - Rangers : 1.
1:44 of 1st period - Paul Byron wins face-off versus Tom Pyatt in neutral zone.
1:56 of 1st period - Shot by Cal Clutterbuck.
1:56 of 1st period - Stopped by Martin Biron without a rebound.
1:57 of 1st period - Scott Gomez wins face-off versus Mike Richards in Sabres zone.
2:10 of 1st period - Shot by Scott Gomez.
2:10 of 1st period - Stopped by Martin Biron with a rebound.
2:26 of 1st period - Shot by Marian Hossa.
2:26 of 1st period - Shot Blocked by Keith Ballard.
2:28 of 1st period - Shot by Mike Richards.
2:28 of 1st period - Shot Misses the Net.
2:30 of 1st period - Shot by Mike Richards.
2:30 of 1st period - Stopped by Niklas Backstrom without a rebound.
2:31 of 1st period - Jordan Staal wins face-off versus Mikko Koivu in Rangers zone.
2:38 of 1st period - Shot by Chris Stewart.
2:38 of 1st period - Stopped by Niklas Backstrom without a rebound.
2:38 of 1st period - Minor Penalty to Ian White for Roughing.
2:39 of 1st period - Henrik Sedin wins face-off versus Jordan Staal in Rangers zone.
3:52 of 1st period - Minor Penalty to Tom Pyatt for Cross-checking.
3:53 of 1st period - Mike Richards wins face-off versus Scott Gomez in Rangers zone.
3:59 of 1st period - Shot by Brad Stuart.
3:59 of 1st period - Shot Misses the Net.
4:01 of 1st period - Shot by Chris Stewart.
4:01 of 1st period - Stopped by Niklas Backstrom without a rebound.
4:02 of 1st period - Jordan Staal wins face-off versus Henrik Sedin in Rangers zone.
4:05 of 1st period - Shot by Troy Brouwer.
4:05 of 1st period - Shot Blocked by Lubomir Visnovsky.
4:07 of 1st period - Shot by Steve Downie.
4:07 of 1st period - Shot Blocked by Lubomir Visnovsky.
4:09 of 1st period - Shot by Jordan Staal.
4:09 of 1st period - Deflect By Steve Downie.
4:09 of 1st period - Stopped by Niklas Backstrom without a rebound.
4:10 of 1st period - Scott Gomez wins face-off versus Mike Richards in Rangers zone.
4:40 of 1st period - Icing by Johan Franzen.
4:41 of 1st period - Henrik Sedin wins face-off versus Mike Richards in Sabres zone.
5:20 of 1st period - Mikko Koivu is hit by Tuomo Ruutu and loses puck.
5:25 of 1st period - Shot by Marian Hossa.
5:25 of 1st period - Stopped by Niklas Backstrom without a rebound.
5:26 of 1st period - Troy Brouwer wins face-off versus Scott Gomez in Rangers zone.
5:27 of 1st period - Shot by Jordan Staal.
5:27 of 1st period - Shot Misses the Net.
5:29 of 1st period - Shot by Jordan Staal.
5:29 of 1st period - Shot Misses the Net.
5:31 of 1st period - Shot by Troy Brouwer.
5:31 of 1st period - Stopped by Niklas Backstrom without a rebound.
5:32 of 1st period - Henrik Sedin wins face-off versus Tuomo Ruutu in Rangers zone.
6:02 of 1st period - Icing by Lubomir Visnovsky.
6:03 of 1st period - Tom Pyatt wins face-off versus Paul Byron in Rangers zone.
6:03 of 1st period - Tom Pyatt is hit by Troy Brouwer.
6:13 of 1st period - Shot by Jay Bouwmeester.
6:13 of 1st period - Shot Blocked by Karl Alzner.
6:15 of 1st period - Shot by Lubomir Visnovsky.
6:15 of 1st period - Stopped by Martin Biron without a rebound.
6:16 of 1st period - Steve Downie wins face-off versus Scott Gomez in Sabres zone.
6:20 of 1st period - Off-side.
6:21 of 1st period - Mikko Koivu wins face-off versus David Legwand in neutral zone.
6:32 of 1st period - Shot by Victor Hedman.
6:32 of 1st period - Stopped by Niklas Backstrom without a rebound.
6:33 of 1st period - Scott Gomez wins face-off versus Paul Byron in Rangers zone.
6:35 of 1st period - Minor Penalty to Troy Brouwer for Hooking.
6:36 of 1st period - Henrik Sedin wins face-off versus David Legwand in Sabres zone.
6:54 of 1st period - Off-side.
6:55 of 1st period - Mikko Koivu wins face-off versus David Legwand in neutral zone.
8:18 of 1st period - Shot by Guillaume Latendresse.
8:18 of 1st period - Shot Misses the Net.
8:20 of 1st period - Shot by Henrik Sedin.
8:20 of 1st period - Stopped by Martin Biron with a rebound.
8:22 of 1st period - Shot by Henrik Sedin.
8:22 of 1st period - Goal by Henrik Sedin - Sabres : 0 - Rangers : 2.
8:23 of 1st period - Tom Pyatt wins face-off versus Paul Byron in neutral zone.
8:54 of 1st period - Minor Penalty to Troy Brouwer for Hooking.
8:55 of 1st period - James Neal wins face-off versus Henrik Sedin in Sabres zone.
8:55 of 1st period - James Neal is hit by Nikolai Kulemin.
9:21 of 1st period - Shot by Henrik Sedin.
9:21 of 1st period - Shot Misses the Net.
10:40 of 1st period - Nikolai Kulemin is hit by Tyler Myers and loses puck.
10:57 of 1st period - Off-side.
10:58 of 1st period - Tom Pyatt wins face-off versus Mike Richards in neutral zone.
11:39 of 1st period - Tom Pyatt is hit by Tuomo Ruutu and loses puck.
11:49 of 1st period - Lubomir Visnovsky is hit by Victor Hedman and loses puck.
12:04 of 1st period - Shot by Mark Recchi.
12:04 of 1st period - Stopped by Martin Biron without a rebound.
12:05 of 1st period - Jordan Staal wins face-off versus Scott Gomez in Sabres zone.
12:05 of 1st period - Jordan Staal is hit by Guillaume Latendresse.
13:11 of 1st period - Steve Downie is hit by Francis Bouillon.
13:22 of 1st period - Shot by James Neal.
13:22 of 1st period - Deflect By Steve Downie.
13:22 of 1st period - Stopped by Niklas Backstrom without a rebound.
13:23 of 1st period - Mikko Koivu wins face-off versus Paul Byron in Rangers zone.
13:48 of 1st period - Shot by Marian Hossa.
13:48 of 1st period - Shot Misses the Net.
13:50 of 1st period - Shot by Troy Brouwer.
13:50 of 1st period - Stopped by Niklas Backstrom without a rebound.
13:51 of 1st period - Mike Richards wins face-off versus Henrik Sedin in Rangers zone.
13:51 of 1st period - Tuomo Ruutu is hit by Lubomir Visnovsky and loses puck.
13:58 of 1st period - Luke Schenn is hit by Nikolai Kulemin and loses puck.
14:22 of 1st period - Mike Cammalleri is hit by Tuomo Ruutu and loses puck.
14:49 of 1st period - Icing by Ian White.
14:50 of 1st period - David Legwand wins face-off versus Mikko Koivu in Rangers zone.
15:03 of 1st period - Shot by Dan Cleary.
15:03 of 1st period - Shot Misses the Net.
15:05 of 1st period - Shot by Ben Lovejoy.
15:05 of 1st period - Shot Hit the Post.
15:07 of 1st period - Shot by Mark Recchi.
15:07 of 1st period - Shot Misses the Net.
15:09 of 1st period - Shot by Mark Recchi.
15:09 of 1st period - Goal by Mark Recchi - Sabres : 0 - Rangers : 3.
15:10 of 1st period - Tom Pyatt wins face-off versus Jordan Staal in neutral zone.
15:15 of 1st period - Shot by Jay Bouwmeester.
15:15 of 1st period - Stopped by Martin Biron without a rebound.
15:16 of 1st period - Johan Franzen wins face-off versus Tom Pyatt in Sabres zone.
15:18 of 1st period - Minor Penalty to Cal Clutterbuck for Hooking.
15:19 of 1st period - Scott Gomez wins face-off versus Mike Richards in Rangers zone.
15:35 of 1st period - Shot by Chris Stewart.
15:35 of 1st period - Deflect By Johan Franzen.
15:35 of 1st period - Shot Blocked by Jay Bouwmeester.
15:37 of 1st period - Shot by Chris Stewart.
15:37 of 1st period - Shot Hit the Post.
15:41 of 1st period - Shot by Tyler Myers.
15:41 of 1st period - Shot Misses the Net.
15:43 of 1st period - Shot by Brad Stuart.
15:43 of 1st period - Shot Misses the Net.
15:45 of 1st period - Shot by Johan Franzen.
15:45 of 1st period - Shot Misses the Net.
15:47 of 1st period - Shot by Tyler Myers.
15:47 of 1st period - Goal by Tyler Myers - Sabres : 1 - Rangers : 3.
15:48 of 1st period - David Legwand wins face-off versus Mikko Koivu in neutral zone.
16:17 of 1st period - Shot by Mark Recchi.
16:17 of 1st period - Shot Misses the Net.
16:50 of 1st period - Shot by Guillaume Latendresse.
16:50 of 1st period - Stopped by Martin Biron without a rebound.
16:51 of 1st period - Henrik Sedin wins face-off versus Paul Byron in Sabres zone.
16:55 of 1st period - Mike Cammalleri is hit by Karl Alzner and loses puck.
17:09 of 1st period - Minor Penalty to Tyler Myers for Hooking.
17:10 of 1st period - Mikko Koivu wins face-off versus Jordan Staal in Sabres zone.
17:11 of 1st period - Shot by Lubomir Visnovsky.
17:11 of 1st period - Stopped by Martin Biron without a rebound.
17:12 of 1st period - Jordan Staal wins face-off versus Mikko Koivu in Sabres zone.
17:18 of 1st period - Icing by Lubomir Visnovsky.
17:19 of 1st period - Mikko Koivu wins face-off versus Jordan Staal in Rangers zone.
17:28 of 1st period - Shot by Dan Cleary.
17:28 of 1st period - Shot Misses the Net.
17:30 of 1st period - Shot by Lubomir Visnovsky.
17:30 of 1st period - Shot Misses the Net.
17:40 of 1st period - Shot by Lubomir Visnovsky.
17:40 of 1st period - Stopped by Martin Biron without a rebound.
17:41 of 1st period - Henrik Sedin wins face-off versus David Legwand in Sabres zone.
17:44 of 1st period - Shot by Nikolai Kulemin.
17:44 of 1st period - Stopped by Martin Biron without a rebound.
17:45 of 1st period - David Legwand wins face-off versus Henrik Sedin in Sabres zone.
18:02 of 1st period - Shot by Henrik Sedin.
18:02 of 1st period - Stopped by Martin Biron with a rebound.
18:04 of 1st period - Shot by Jay Bouwmeester.
18:04 of 1st period - Deflect By Nikolai Kulemin.
18:04 of 1st period - Stopped by Martin Biron with a rebound.
18:56 of 1st period - Shot by Lubomir Visnovsky.
18:56 of 1st period - Shot Misses the Net.
18:58 of 1st period - Shot by Francis Bouillon.
18:58 of 1st period - Stopped by Martin Biron without a rebound.
18:58 of 1st period - Martin Biron from Sabres is injured at 18:58 of 1st period (Bruised Right Leg).
18:58 of 1st period - Devan Dubnyk enters game.
18:59 of 1st period - Henrik Sedin wins face-off versus Jordan Staal in Sabres zone.
19:04 of 1st period - Shot by Jay Bouwmeester.
19:04 of 1st period - Shot Misses the Net.
19:06 of 1st period - Shot by Ian White.
19:06 of 1st period - Stopped by Devan Dubnyk with a rebound.
19:10 of 1st period - Shot by Lubomir Visnovsky.
19:10 of 1st period - Shot Blocked by Marian Hossa.
19:14 of 1st period - Shot by Lubomir Visnovsky.
19:14 of 1st period - Shot Misses the Net.
19:16 of 1st period - Shot by Lubomir Visnovsky.
19:16 of 1st period - Shot Misses the Net.
19:20 of 1st period - Shot by Jay Bouwmeester.
19:20 of 1st period - Stopped by Devan Dubnyk without a rebound.
19:21 of 1st period - Scott Gomez wins face-off versus Paul Byron in Sabres zone.
19:38 of 1st period - Shot by Troy Brouwer.
19:38 of 1st period - Stopped by Niklas Backstrom without a rebound.
19:39 of 1st period - Jordan Staal wins face-off versus Tom Pyatt in Rangers zone.
19:51 of 1st period - Johan Franzen is hit by Jay Bouwmeester and loses puck.

Period #2

0:01 of 2nd period - Henrik Sedin wins face-off versus Johan Franzen in neutral zone.
0:24 of 2nd period - Shot by Mike Cammalleri.
0:24 of 2nd period - Stopped by Devan Dubnyk with a rebound.
0:36 of 2nd period - Off-side.
0:37 of 2nd period - Mikko Koivu wins face-off versus Mike Richards in neutral zone.
1:54 of 2nd period - Shot by Steve Downie.
1:54 of 2nd period - Deflect By David Legwand.
1:54 of 2nd period - Goal by David Legwand - Sabres : 2 - Rangers : 3.
1:55 of 2nd period - Henrik Sedin wins face-off versus Jordan Staal in neutral zone.
3:02 of 2nd period - Minor Penalty to Steve Downie for Interference.
3:03 of 2nd period - Mikko Koivu wins face-off versus David Legwand in Sabres zone.
3:23 of 2nd period - Shot by Dan Cleary.
3:23 of 2nd period - Shot Blocked by Jeff Schultz.
4:08 of 2nd period - Minor Penalty to Brad Stuart for Tripping.
4:09 of 2nd period - David Legwand wins face-off versus Mikko Koivu in Sabres zone.
4:09 of 2nd period - David Legwand is hit by Dan Cleary.
4:21 of 2nd period - Tyler Myers is hit by Dan Cleary and loses puck.
4:26 of 2nd period - Shot by Mike Cammalleri.
4:26 of 2nd period - Stopped by Devan Dubnyk without a rebound.
4:27 of 2nd period - David Legwand wins face-off versus Henrik Sedin in Sabres zone.
4:36 of 2nd period - Karl Alzner is hit by Henrik Sedin and loses puck.
4:45 of 2nd period - Shot by Henrik Sedin.
4:45 of 2nd period - Deflect By Nikolai Kulemin.
4:45 of 2nd period - Shot Misses the Net.
4:47 of 2nd period - Shot by Henrik Sedin.
4:47 of 2nd period - Stopped by Devan Dubnyk without a rebound.
4:48 of 2nd period - Jordan Staal wins face-off versus Mike Cammalleri in Sabres zone.
5:07 of 2nd period - Shot by Lubomir Visnovsky.
5:07 of 2nd period - Stopped by Devan Dubnyk without a rebound.
5:08 of 2nd period - Henrik Sedin wins face-off versus David Legwand in Sabres zone.
6:31 of 2nd period - Shot by Scott Gomez.
6:31 of 2nd period - Shot Misses the Net.
6:33 of 2nd period - Shot by Tom Pyatt.
6:33 of 2nd period - Shot Misses the Net.
6:35 of 2nd period - Shot by Tom Pyatt.
6:35 of 2nd period - Deflect By Cal Clutterbuck.
6:35 of 2nd period - Shot Misses the Net.
6:37 of 2nd period - Shot by Tom Pyatt.
6:37 of 2nd period - Stopped by Devan Dubnyk without a rebound.
6:38 of 2nd period - Jordan Staal wins face-off versus Scott Gomez in Sabres zone.
6:58 of 2nd period - Minor Penalty to Francis Bouillon for Hooking.
6:59 of 2nd period - Jordan Staal wins face-off versus Henrik Sedin in Rangers zone.
6:59 of 2nd period - Jordan Staal is hit by Ben Lovejoy.
7:01 of 2nd period - Shot by Tuomo Ruutu.
7:01 of 2nd period - Stopped by Niklas Backstrom without a rebound.
7:02 of 2nd period - Henrik Sedin wins face-off versus Marian Hossa in Rangers zone.
7:40 of 2nd period - Shot by Brad Stuart.
7:40 of 2nd period - Shot Misses the Net.
7:42 of 2nd period - Shot by Brad Stuart.
7:42 of 2nd period - Stopped by Niklas Backstrom without a rebound.
7:43 of 2nd period - Scott Gomez wins face-off versus Mike Richards in Rangers zone.
7:54 of 2nd period - Shot by Chris Stewart.
7:54 of 2nd period - Shot Misses the Net.
7:58 of 2nd period - Shot by Mike Richards.
7:58 of 2nd period - Goal by Mike Richards - Sabres : 3 - Rangers : 3.
7:59 of 2nd period - David Legwand wins face-off versus Mark Recchi in neutral zone.
8:02 of 2nd period - Shot by Steve Downie.
8:02 of 2nd period - Stopped by Niklas Backstrom without a rebound.
8:03 of 2nd period - David Legwand wins face-off versus Tom Pyatt in Rangers zone.
8:25 of 2nd period - Jay Bouwmeester is hit by Victor Hedman and loses puck.
8:29 of 2nd period - Andrei Kostitsyn is hit by Jeff Schultz and loses puck.
9:08 of 2nd period - Shot by Marian Hossa.
9:08 of 2nd period - Shot Blocked by Keith Ballard.
9:10 of 2nd period - Shot by Marian Hossa.
9:10 of 2nd period - Stopped by Niklas Backstrom without a rebound.
9:11 of 2nd period - Mikko Koivu wins face-off versus Jordan Staal in Rangers zone.
9:15 of 2nd period - Minor Penalty to Jordan Staal for Interference.
9:16 of 2nd period - Henrik Sedin wins face-off versus Marian Hossa in Sabres zone.
9:17 of 2nd period - Shot by Ian White.
9:17 of 2nd period - Shot Misses the Net.
9:21 of 2nd period - Shot by Nikolai Kulemin.
9:21 of 2nd period - Stopped by Devan Dubnyk without a rebound.
9:22 of 2nd period - Mikko Koivu wins face-off versus Marian Hossa in Sabres zone.
9:32 of 2nd period - Off-side.
9:33 of 2nd period - Marian Hossa wins face-off versus Henrik Sedin in neutral zone.
9:58 of 2nd period - Shot by Ian White.
9:58 of 2nd period - Shot Blocked by Marian Hossa.
10:00 of 2nd period - Shot by Nikolai Kulemin.
10:00 of 2nd period - Deflect By Henrik Sedin.
10:00 of 2nd period - Shot Misses the Net.
10:02 of 2nd period - Shot by Henrik Sedin.
10:02 of 2nd period - Shot Misses the Net.
10:32 of 2nd period - Shot by Mike Cammalleri.
10:32 of 2nd period - Stopped by Devan Dubnyk without a rebound.
10:33 of 2nd period - Mikko Koivu wins face-off versus Marian Hossa in Sabres zone.
10:33 of 2nd period - Mikko Koivu is hit by Karl Alzner.
10:35 of 2nd period - Shot by Lubomir Visnovsky.
10:35 of 2nd period - Stopped by Devan Dubnyk with a rebound.
10:37 of 2nd period - Shot by Mikko Koivu.
10:37 of 2nd period - Shot Blocked by Karl Alzner.
10:39 of 2nd period - Shot by Lubomir Visnovsky.
10:39 of 2nd period - Stopped by Devan Dubnyk without a rebound.
10:40 of 2nd period - Marian Hossa wins face-off versus Mikko Koivu in Sabres zone.
10:40 of 2nd period - Marian Hossa is hit by Dan Cleary.
11:20 of 2nd period - Shot by Scott Gomez.
11:20 of 2nd period - Shot Blocked by Karl Alzner.
11:22 of 2nd period - Shot by Keith Ballard.
11:22 of 2nd period - Stopped by Devan Dubnyk without a rebound.
11:23 of 2nd period - Jordan Staal wins face-off versus Tom Pyatt in Sabres zone.
11:32 of 2nd period - Shot by Jordan Staal.
11:32 of 2nd period - Shot Blocked by Jay Bouwmeester.
11:44 of 2nd period - Shot by Johan Franzen.
11:44 of 2nd period - Stopped by Niklas Backstrom without a rebound.
11:45 of 2nd period - Scott Gomez wins face-off versus Paul Byron in Rangers zone.
11:58 of 2nd period - Shot by Nikolai Zherdev.
11:58 of 2nd period - Shot Blocked by Tyler Myers.
12:01 of 2nd period - Icing by Tyler Myers.
12:02 of 2nd period - Mikko Koivu wins face-off versus Paul Byron in Sabres zone.
12:08 of 2nd period - Mikko Koivu is hit by Tyler Myers and loses puck.
12:22 of 2nd period - Dan Cleary is hit by Tyler Myers and loses puck.
12:27 of 2nd period - Shot by Dan Cleary.
12:27 of 2nd period - Stopped by Devan Dubnyk with a rebound.
12:29 of 2nd period - Shot by Ian White.
12:29 of 2nd period - Shot Misses the Net.
12:31 of 2nd period - Shot by Ben Lovejoy.
12:31 of 2nd period - Stopped by Devan Dubnyk without a rebound.
12:32 of 2nd period - Jordan Staal wins face-off versus Henrik Sedin in Sabres zone.
12:59 of 2nd period - Shot by Johan Franzen.
12:59 of 2nd period - Stopped by Niklas Backstrom with a rebound.
13:11 of 2nd period - Shot by Chris Stewart.
13:11 of 2nd period - Stopped by Niklas Backstrom without a rebound.
13:12 of 2nd period - Scott Gomez wins face-off versus David Legwand in Rangers zone.
14:49 of 2nd period - Shot by Dan Cleary.
14:49 of 2nd period - Deflect By Mikko Koivu.
14:49 of 2nd period - Shot Misses the Net.
15:40 of 2nd period - Mike Cammalleri is hit by Johan Franzen and loses puck.
15:49 of 2nd period - Shot by Chris Stewart.
15:49 of 2nd period - Deflect By Johan Franzen.
15:49 of 2nd period - Stopped by Niklas Backstrom without a rebound.
15:50 of 2nd period - Scott Gomez wins face-off versus Paul Byron in Rangers zone.
15:52 of 2nd period - Guillaume Latendresse is hit by Troy Brouwer and loses puck.
16:08 of 2nd period - Shot by Scott Gomez.
16:08 of 2nd period - Shot Hit the Post.
16:10 of 2nd period - Shot by Guillaume Latendresse.
16:10 of 2nd period - Shot Blocked by Marian Hossa.
16:15 of 2nd period - Nikolai Zherdev is hit by Tyler Myers and loses puck.
16:36 of 2nd period - Shot by Dan Cleary.
16:36 of 2nd period - Stopped by Devan Dubnyk without a rebound.
16:37 of 2nd period - David Legwand wins face-off versus Tom Pyatt in Sabres zone.
16:54 of 2nd period - Minor Penalty to Victor Hedman for Roughing.
16:55 of 2nd period - David Legwand wins face-off versus Mikko Koivu in Sabres zone.
17:24 of 2nd period - Shot by Lubomir Visnovsky.
17:24 of 2nd period - Shot Blocked by David Legwand.
17:38 of 2nd period - Shot by Guillaume Latendresse.
17:38 of 2nd period - Shot Misses the Net.
17:40 of 2nd period - Shot by Jay Bouwmeester.
17:40 of 2nd period - Stopped by Devan Dubnyk with a rebound.
17:42 of 2nd period - Shot by Ian White.
17:42 of 2nd period - Shot Misses the Net.
17:44 of 2nd period - Shot by Nikolai Kulemin.
17:44 of 2nd period - Stopped by Devan Dubnyk without a rebound.
17:45 of 2nd period - Jordan Staal wins face-off versus Henrik Sedin in Sabres zone.
17:57 of 2nd period - Shot by Henrik Sedin.
17:57 of 2nd period - Shot Misses the Net.
17:59 of 2nd period - Shot by Nikolai Kulemin.
17:59 of 2nd period - Shot Misses the Net.
18:33 of 2nd period - Jeff Schultz is hit by Mike Cammalleri and loses puck.
19:06 of 2nd period - Shot by Scott Gomez.
19:06 of 2nd period - Shot Misses the Net.
19:10 of 2nd period - Shot by Cal Clutterbuck.
19:10 of 2nd period - Shot Blocked by Tyler Myers.
19:12 of 2nd period - Shot by Cal Clutterbuck.
19:12 of 2nd period - Stopped by Devan Dubnyk without a rebound.
19:13 of 2nd period - Jordan Staal wins face-off versus Mikko Koivu in Sabres zone.
19:22 of 2nd period - Shot by Chris Stewart.
19:22 of 2nd period - Shot Blocked by Ben Lovejoy.
19:40 of 2nd period - Shot by Chris Stewart.
19:40 of 2nd period - Stopped by Niklas Backstrom without a rebound.
19:41 of 2nd period - Mike Richards wins face-off versus Tom Pyatt in Rangers zone.
19:53 of 2nd period - Marian Hossa is hit by Jay Bouwmeester and loses puck.

Period #3

0:01 of 3rd period - Jordan Staal wins face-off versus Henrik Sedin in neutral zone.
0:01 of 3rd period - Jordan Staal is hit by Nikolai Kulemin.
0:07 of 3rd period - Shot by Johan Franzen.
0:07 of 3rd period - Shot Misses the Net.
0:09 of 3rd period - Shot by Brad Stuart.
0:09 of 3rd period - Shot Blocked by Jay Bouwmeester.
0:11 of 3rd period - Shot by Trevor Daley.
0:11 of 3rd period - Stopped by Niklas Backstrom with a rebound.
0:15 of 3rd period - Shot by Johan Franzen.
0:15 of 3rd period - Stopped by Niklas Backstrom without a rebound.
0:16 of 3rd period - Mike Richards wins face-off versus Mikko Koivu in Rangers zone.
0:50 of 3rd period - Shot by Dan Cleary.
0:50 of 3rd period - Goal by Dan Cleary - Sabres : 3 - Rangers : 4.
0:51 of 3rd period - Jordan Staal wins face-off versus Henrik Sedin in neutral zone.
0:51 of 3rd period - Johan Franzen is hit by Nikolai Kulemin and loses puck.
1:08 of 3rd period - Shot by Henrik Sedin.
1:08 of 3rd period - Shot Blocked by Trevor Daley.
1:10 of 3rd period - Shot by Jay Bouwmeester.
1:10 of 3rd period - Shot Misses the Net.
1:14 of 3rd period - Shot by Nikolai Kulemin.
1:14 of 3rd period - Stopped by Devan Dubnyk without a rebound.
1:15 of 3rd period - Scott Gomez wins face-off versus David Legwand in Sabres zone.
1:15 of 3rd period - Scott Gomez is hit by Victor Hedman.
1:19 of 3rd period - Shot by Guillaume Latendresse.
1:19 of 3rd period - Shot Blocked by Jeff Schultz.
1:21 of 3rd period - Shot by Scott Gomez.
1:21 of 3rd period - Shot Blocked by Jeff Schultz.
1:39 of 3rd period - Shot by Guillaume Latendresse.
1:39 of 3rd period - Shot Misses the Net.
1:41 of 3rd period - Shot by Keith Ballard.
1:41 of 3rd period - Stopped by Devan Dubnyk without a rebound.
1:42 of 3rd period - Paul Byron wins face-off versus Tom Pyatt in Sabres zone.
1:51 of 3rd period - Shot by Marian Hossa.
1:51 of 3rd period - Stopped by Niklas Backstrom without a rebound.
1:52 of 3rd period - Mikko Koivu wins face-off versus Chris Stewart in Rangers zone.
2:07 of 3rd period - Shot by Dan Cleary.
2:07 of 3rd period - Shot Misses the Net.
2:13 of 3rd period - Shot by Mikko Koivu.
2:13 of 3rd period - Stopped by Devan Dubnyk without a rebound.
2:14 of 3rd period - Mike Richards wins face-off versus Mike Cammalleri in Sabres zone.
3:31 of 3rd period - Shot by Johan Franzen.
3:31 of 3rd period - Shot Misses the Net.
3:38 of 3rd period - Minor Penalty to Brad Stuart for Hooking.
3:39 of 3rd period - David Legwand wins face-off versus Mikko Koivu in Sabres zone.
3:39 of 3rd period - David Legwand is hit by Mikko Koivu.
5:10 of 3rd period - Scott Gomez and David Legwand fight to a draw.
5:10 of 3rd period - Penalty to Scott Gomez for Fighting.
5:10 of 3rd period - Penalty to David Legwand for Fighting.
5:11 of 3rd period - Dan Cleary wins face-off versus Marian Hossa in neutral zone.
5:20 of 3rd period - Icing by Francis Bouillon.
5:21 of 3rd period - Marian Hossa wins face-off versus Mikko Koivu in Rangers zone.
5:30 of 3rd period - Shot by Lubomir Visnovsky.
5:30 of 3rd period - Stopped by Devan Dubnyk without a rebound.
5:31 of 3rd period - Henrik Sedin wins face-off versus Marian Hossa in Sabres zone.
6:10 of 3rd period - Icing by Lubomir Visnovsky.
6:11 of 3rd period - Tom Pyatt wins face-off versus Jordan Staal in Rangers zone.
6:48 of 3rd period - Shot by Jordan Staal.
6:48 of 3rd period - Shot Misses the Net.
6:55 of 3rd period - Icing by Francis Bouillon.
6:56 of 3rd period - Mike Richards wins face-off versus Nikolai Zherdev in Rangers zone.
7:02 of 3rd period - Minor Penalty to Francis Bouillon for Hooking.
7:03 of 3rd period - Mikko Koivu wins face-off versus Mike Richards in Rangers zone.
8:09 of 3rd period - Shot by Marian Hossa.
8:09 of 3rd period - Deflect By Tuomo Ruutu.
8:09 of 3rd period - Shot Blocked by Jay Bouwmeester.
8:27 of 3rd period - Shot by Tyler Myers.
8:27 of 3rd period - Stopped by Niklas Backstrom without a rebound.
8:28 of 3rd period - Henrik Sedin wins face-off versus Mike Richards in Rangers zone.
8:28 of 3rd period - Henrik Sedin is hit by Johan Franzen.
8:44 of 3rd period - Shot by Johan Franzen.
8:44 of 3rd period - Stopped by Niklas Backstrom with a rebound.
8:48 of 3rd period - Shot by Mike Richards.
8:48 of 3rd period - Deflect By Johan Franzen.
8:48 of 3rd period - Stopped by Niklas Backstrom without a rebound.
8:49 of 3rd period - Henrik Sedin wins face-off versus Jordan Staal in Rangers zone.
9:21 of 3rd period - Minor Penalty to Francis Bouillon for Tripping.
9:22 of 3rd period - Mikko Koivu wins face-off versus Paul Byron in Rangers zone.
9:48 of 3rd period - Shot by Dan Cleary.
9:48 of 3rd period - Stopped by Devan Dubnyk without a rebound.
9:49 of 3rd period - Tom Pyatt wins face-off versus Mike Richards in Sabres zone.
11:35 of 3rd period - Off-side.
11:36 of 3rd period - Henrik Sedin wins face-off versus David Legwand in neutral zone.
12:33 of 3rd period - Minor Penalty to Karl Alzner for Tripping.
12:34 of 3rd period - Jordan Staal wins face-off versus Mikko Koivu in Sabres zone.
12:34 of 3rd period - Jordan Staal is hit by Mikko Koivu.
12:41 of 3rd period - Icing by Mike Cammalleri.
12:42 of 3rd period - Mikko Koivu wins face-off versus Jordan Staal in Rangers zone.
13:01 of 3rd period - Shot by Dan Cleary.
13:01 of 3rd period - Shot Misses the Net.
13:05 of 3rd period - Shot by Mikko Koivu.
13:05 of 3rd period - Shot Misses the Net.
13:09 of 3rd period - Shot by Dan Cleary.
13:09 of 3rd period - Goal by Dan Cleary - Sabres : 3 - Rangers : 5.
13:10 of 3rd period - Scott Gomez wins face-off versus Paul Byron in neutral zone.
13:20 of 3rd period - Marian Hossa is hit by Scott Gomez and loses puck.
13:35 of 3rd period - Marian Hossa is hit by Francis Bouillon and loses puck.
13:39 of 3rd period - Paul Byron is hit by Francis Bouillon and loses puck.
13:45 of 3rd period - Marian Hossa is hit by Francis Bouillon and loses puck.
14:13 of 3rd period - Johan Franzen is hit by Jay Bouwmeester and loses puck.
14:40 of 3rd period - Lubomir Visnovsky is hit by Jordan Staal and loses puck.
15:26 of 3rd period - Icing by Mark Recchi.
15:27 of 3rd period - David Legwand wins face-off versus Mikko Koivu in Rangers zone.
15:27 of 3rd period - Jeff Schultz is hit by Ben Lovejoy and loses puck.
16:55 of 3rd period - Shot by Marian Hossa.
16:55 of 3rd period - Stopped by Niklas Backstrom without a rebound.
16:56 of 3rd period - Mikko Koivu wins face-off versus Mike Richards in Rangers zone.
18:01 of 3rd period - Troy Brouwer is hit by Nikolai Kulemin and loses puck.
18:18 of 3rd period - Shot by Henrik Sedin.
18:18 of 3rd period - Shot Blocked by Luke Schenn.
18:20 of 3rd period - Shot by Nikolai Kulemin.
18:20 of 3rd period - Stopped by Devan Dubnyk with a rebound.
18:22 of 3rd period - Shot by Henrik Sedin.
18:22 of 3rd period - Stopped by Devan Dubnyk without a rebound.
18:23 of 3rd period - Henrik Sedin wins face-off versus Jordan Staal in Sabres zone.
18:32 of 3rd period - Shot by Chris Stewart.
18:32 of 3rd period - Shot Misses the Net.
18:44 of 3rd period - Jordan Staal is hit by Mark Recchi and loses puck.
19:14 of 3rd period - Icing by Lubomir Visnovsky.
19:15 of 3rd period - David Legwand wins face-off versus Scott Gomez in Rangers zone.
19:16 of 3rd period - Shot by Marian Hossa.
19:16 of 3rd period - Shot Blocked by Lubomir Visnovsky.
19:18 of 3rd period - Shot by Marian Hossa.
19:18 of 3rd period - Shot Misses the Net.
19:20 of 3rd period - Shot by David Legwand.
19:20 of 3rd period - Stopped by Niklas Backstrom without a rebound.
19:21 of 3rd period - Henrik Sedin wins face-off versus Jordan Staal in Rangers zone.
19:59 of 3rd period - Shot by Marian Hossa.
19:59 of 3rd period - Stopped by Niklas Backstrom without a rebound.


Output by the SimonT Hockey Simulator (STHS) for Stephane Roy -- Original Page W3C XHTML 1.0 Valid